 Dungeon Crawl Stone Soup version 0.22-a0-305-gd21a89c (webtiles) character file.

1305 medis the Cleaver (level 8, -13/71 HPs)
             Began as a Hill Orc Fighter on Mar 29, 2018.
             Was a Follower of Okawaru.
             Mangled by a green death (22 damage)
             ... on level 1 of the Abyss.
             The game lasted 00:09:23 (4786 turns).

medis the Cleaver (Hill Orc Fighter)                Turns: 4786, Time: 00:09:24

Health: -13/71     AC: 19    Str: 19 (21) XL:     8   Next: 57%
Magic:  8/8        EV:  6    Int:  6 (8)  God:    Okawaru [*.....]
Gold:   253        SH:  4    Dex:  9 (10) Spells: 7/7 levels left

rFire    + . .     SeeInvis .   a - +2 hand axe (elec)
rCold    . . .     Gourm    .   A - +0 buckler of the Zebra {rPois Regen+} (curse)
rNeg     . . .     Faith    .   I - +1 plate armour (curse)
rPois    +         Spirit   .   C - +2 helmet
rElec    .         Reflect  .   (no cloak)
rCorr    +         Harm     .   u - +0 pair of gloves
MR       .....                  k - +0 pair of boots
Stlth    ..........             (no amulet)
HPRegen  0.61/turn              w - ring of protection from fire
MPRegen  0.11/turn              p - ring of resist corrosion

@: drained
A: no striking features
a: Heroism, Renounce Religion


You were on level 1 of the Abyss.
You worshipped Okawaru.
Okawaru was aware of your devotion.
You were not hungry.

You visited 2 branches of the dungeon, and saw 7 of its levels.
You visited the Abyss 1 time.

You collected 338 gold pieces.
You spent 85 gold pieces at shops.

Inventory:

Hand Weapons
 a - a +2 hand axe of electrocution (weapon)
 b - a +0 hand axe of flaming
 H - a +0 war axe
Armour
 k - a +0 pair of boots (worn)
 u - a +0 pair of gloves (worn)
 A - the cursed +0 buckler of the Zebra (worn) {rPois Regen+}
   (You found it on level 5 of the Dungeon)

   It protects you from poison.
   It increases your rate of regeneration.
   It has a curse placed upon it.
 C - a +2 helmet (worn)
 I - a cursed +1 plate armour (worn)
Jewellery
 p - a ring of resist corrosion (right hand)
 w - a ring of protection from fire (left hand)
 z - a +2 ring of evasion
Scrolls
 d - a scroll of holy word {unknown}
 g - 9 scrolls of identify
 h - 2 scrolls of amnesia
 i - a scroll of fog
 j - 2 scrolls of blinking
 l - 7 scrolls of remove curse
 m - 3 scrolls of enchant weapon
 E - a scroll of immolation {unknown}
Potions
 n - a potion of resistance {unknown}
 q - a potion of cancellation
 r - 2 potions of curing
 s - a potion of degeneration
 x - 2 potions of heal wounds {unknown}
 B - a potion of experience {unknown}
 F - a potion of brilliance {unknown}
Comestibles
 f - 8 rations
 D - 2 chunks of flesh


   Skills:
 + Level 6.9(6.6) Fighting
 * Level 9.6(9.2) Axes
 + Level 6.3(5.9) Armour
 - Level 4.0(3.6) Shields


You had 7 spell levels left.
You didn't know any spells.

Dungeon Overview and Level Annotations

Branches:
Dungeon (6/15)             Temple (1/1) D:5

Altars:
Ashenzari
Dithmenos
Elyvilon
Gozag
Hepliaklqana
Makhleb
Okawaru
Qazlal
Ru
Trog
Uskayaw
Wu Jian
Xom
Yredelemnul
Zin
The Shining One

Shops:
D:4 **

Annotations:
D:3 PeterMcNeter's ghost, amateur MfGl


Message History

* * * LOW HITPOINT WARNING * * *
The crimson imp blinks!
Unknown command.
You hit the small abomination.
Lightning courses through the small abomination!
The small abomination is heavily damaged.
The small abomination hits you but does no damage. x2
You hit the small abomination.
Lightning courses through the small abomination!
You destroy the small abomination!
Okawaru accepts your kill.
You hit the green death but do no damage.
You closely miss the tormentor.
The green death hits you but does no damage.
You hit the green death.
The green death is lightly wounded.
Your plate armour prevents you from hitting the tormentor.
The tormentor hits you but does no damage. x2
The green death hits you!!
You die...

#.# ........§§§§§§ ..
. ......#...##..##§
##. # .
.....##.#.##..#
..##..#
#..⌠........5........
.. . ...#...5....3...
.. . ..#...#..##.. #.
##. #
##...#3.##..##..# . .
#....2........ . .. .
#..#@2.5#..#.. . # .
. ... #.......#...# .
. .....#...#...#. .
...#..##.#..# ..##
..#######.#.##.. . .#
.# ##


You could see a green death, a tormentor, a neqoxec, a crimson imp, a shadow imp
and an ufetubus.

Vanquished Creatures
  A necrophage (D:5)
  An orc warrior (D:6)
  2 centaurs (D:5)
  A small abomination (Abyss:1)
  A scorpion (D:6)
  2 wights (D:6)
  3 howler monkeys
  3 crimson imps (D:5)
  A hound (D:6)
  2 orc wizards
  A gnoll shaman (D:5)
  3 orc priests
  2 centaur skeletons
  An iguana (D:4)
  A worker ant (D:5)
  5 gnolls (D:5)
  8 adders
  A shadow imp (D:6)
  An ooze (D:3)
  An adder zombie (D:5)
  An adder skeleton (D:4)
  3 worms
  A dart slug (D:1)
  6 leopard geckos
  14 orcs
  2 giant cockroaches
  9 goblins
  13 hobgoblins
  11 jackals
  6 kobolds
  6 quokkas
  5 ball pythons
  7 bats
  2 frilled lizards (D:3)
  A giant cockroach zombie (D:5)
  A quokka zombie (D:5)
  8 rats
137 creatures vanquished.

Vanquished Creatures (others)
  An adder (D:3)
  4 orcs (D:3)
5 creatures vanquished.

Grand Total: 142 creatures vanquished

Notes
Turn   | Place    | Note
-------+----------+-------------------------------------------
     0 | D:1      | medis the Hill Orc Fighter began the quest for the Orb.
     0 | D:1      | Reached XP level 1. HP: 19/19 MP: 1/1
   158 | D:1      | Reached skill level 3 in Axes
   160 | D:1      | Reached XP level 2. HP: 24/27 MP: 2/2
   581 | D:1      | You fall through a shaft!
   595 | D:2      | Reached XP level 3. HP: 33/33 MP: 3/3
   699 | D:1      | Reached skill level 4 in Axes
  1119 | D:2      | Reached XP level 4. HP: 39/40 MP: 4/4
  1498 | D:3      | Noticed PeterMcNeter's ghost (amateur MfGl)
  2005 | D:4      | Reached skill level 5 in Axes
  2075 | D:4      | Reached XP level 5. HP: 35/47 MP: 5/5
  2191 | D:4      | Found Qyekk's General Store.
  2196 | D:4      | Found Luemiot's Assorted Antiques.
  2207 | D:4      | Bought a scroll labeled FOT QU TEICKUCH for 22 gold pieces
  2207 | D:4      | Bought a scroll labeled XEGRARAUDI for 22 gold pieces
  2207 | D:4      | Bought a sedimented silvery potion for 19 gold pieces
  2207 | D:4      | Bought a scroll labeled NYRE UTYLYD for 22 gold pieces
  2814 | D:5      | Entered Level 5 of the Dungeon
  2823 | D:5      | Reached skill level 5 in Fighting
  2823 | D:5      | Reached skill level 6 in Axes
  2823 | D:5      | Reached XP level 6. HP: 56/56 MP: 6/6
  3034 | D:5      | Reached skill level 7 in Axes
  3034 | D:5      | Reached skill level 5 in Armour
  3179 | D:5      | Found a staircase to the Ecumenical Temple.
  3181 | D:5      | Found a sacrificial altar of Ru.
  3188 | Temple   | Entered the Ecumenical Temple
  3310 | Temple   | Became a worshipper of Warmaster Okawaru
  3380 | D:5      | Got a steaming buckler
  3389 | D:5      | Reached XP level 7. HP: 46/62 MP: 7/7
  3400 | D:5      | Identified the cursed +0 buckler of the Zebra {rPois Regen+} (You found it on level 5 of the Dungeon)
  3529 | D:5      | Reached skill level 8 in Axes
  3638 | D:5      | Reached * piety under Okawaru
  4212 | D:3      | Reached XP level 8. HP: 69/69 MP: 8/8
  4567 | D:6      | Reached skill level 9 in Axes
  4716 | D:6      | Cast into level 1 of the Abyss (wight)
  4760 | Abyss:1  | Noticed a tormentor
  4770 | Abyss:1  | Noticed a green death
  4786 | Abyss:1  | Mangled by a green death

Vault maps used:
D:1:      dpeg_arrival_round_a
D:3:      kennysheep_six_static_rooms, lemuel_flame_loot_1
D:4:      first_ration, serial_shops, nicolae_shop_crystal, shop_statue
D:5:      minmay_temple_entry_butterflies, basic_altar
D:6:      grunt_temple_overflow_diamond, minitemple, basic_altar,
          solitary_fountain, minmay_misc_feat_five
Temple:   nicolae_temple_elliptical
Abyss:1:  minivault_25

Skill      XL: |  1  2  3  4  5  6  7  8 |
---------------+-------------------------+-----
Axes           | 3 4 5 6 7 8 9 |  9.6
Fighting       | 4 5 6 |  6.9
Armour         | 4 5 6 |  6.3
Shields        | 4 |  4.0

Action                   |  1- 3 |  4- 6 |  7- 9 || total
-------------------------+-------+-------+-------++-------
Melee: War axe           |   135 |   186 |   132 ||   453
       Hand axe          |       |       |    46 ||    46
Invok: Heroism           |       |       |     3 ||     3
  Use: Potion            |       |     1 |     4 ||     5
       Scroll            |       |       |     9 ||     9
  Eat: Chunk             |     1 |     7 |     5 ||    13
Armor: Scale mail        |    81 |    18 |       ||    99
       Chain mail        |       |    71 |    88 ||   159
       Plate armour      |       |       |    11 ||    11
Dodge: Dodged            |    46 |    57 |    61 ||   164
Block: Shield            |    76 |   115 |       ||   191
       Buckler           |       |       |    32 ||    32

Table legend:
 A = Spawn XP
 B = Non-spawn XP
 C = Spawn XP percentage of total XP
 D = Spawn monster count
 E = Non-spawn monster count
 F = Spawn count percentage of total count
 G = Total turns spent on level
                    A         B        C        D         E        F      G
               +---------+---------+-------+---------+---------+-------+---------
         Total |      76 |    1789 |   4.1 |       1 |     136 |   0.7 |  4786
               +---------+---------+-------+---------+---------+-------+---------
           D:1 |       0 |      40 |   0.0 |       0 |      23 |   0.0 |   690
           D:2 |       0 |      66 |   0.0 |       0 |      26 |   0.0 |   824
           D:3 |       0 |     242 |   0.0 |       0 |      37 |   0.0 |   959
           D:4 |       0 |     160 |   0.0 |       0 |      13 |   0.0 |  1015
           D:5 |       0 |     841 |   0.0 |       0 |      28 |   0.0 |   919
           D:6 |       0 |     440 |   0.0 |       0 |       9 |   0.0 |   165
       Abyss:1 |      76 |       0 | 100.0 |       1 |       0 | 100.0 |    70
               +---------+---------+-------+---------+---------+-------+---------
